 Dungeon Crawl Stone Soup version 0.22.1-2-g9c5b331383 (webtiles) character file.

9075 Knicklaso the Fighter (level 11, -6/90 HPs)
             Began as a Demonspawn Wizard on Nov 21, 2018.
             Was a Priest of Dithmenos.
             Mangled by a polar bear (26 damage)
             ... in an ice cave.
             The game lasted 00:43:16 (14860 turns).

Knicklaso the Fighter (Demonspawn Wizard)          Turns: 14860, Time: 00:43:16

Health: -6/90      AC: 21    Str: 10    XL:     11   Next: 18%
Magic:  4/15       EV: 13    Int: 23    God:    Dithmenos [***...]
Gold:   619        SH:  0    Dex: 11    Spells: 3/16 levels left

rFire    x . .     SeeInvis .   A - +2 whip (flame)
rCold    + . .     Gourm    .   (no shield)
rNeg     . . .     Faith    .   W - +0 robe (curse)
rPois    .         Spirit   .   L - +2 helmet
rElec    .         Reflect  .   n - +0 cloak
rCorr    .         Harm     .   T - +2 pair of gloves
MR       .....                  (no boots)
Stlth    ++........             x - amulet of magic regeneration
HPRegen  0.25/turn              q - ring of ice
MPRegen  0.39/turn              I - ring of Existentialism {Str+2 Slay+3 Stlth-}

@: sanguine armour, very slightly contaminated, wreathed by umbra
A: nightstalker 1, spiny 2, augmentation 1, sanguine armour 3
a: Shadow Step, Renounce Religion


You were in an ice cave.
You worshipped Dithmenos.
Dithmenos was most pleased with you.
You were hungry.

You visited 3 branches of the dungeon, and saw 12 of its levels.
You also visited: Ossuary and Ice Cave.

You collected 619 gold pieces.

Inventory:

Hand Weapons
 o - a +1 hunting sling
 A - a +2 whip of flaming (weapon)
 E - a +1 dagger of draining
 M - a cursed -3 whip
Missiles
 p - 443 stones (quivered)
 r - 40 sling bullets
Armour
 n - a +0 cloak (worn)
 s - a +2 animal skin
 L - a +2 helmet (worn)
 R - a +2 ring mail of cold resistance
 T - a +2 pair of gloves (worn)
 W - a cursed +0 robe (worn)
Magical Staves
 t - an uncursed staff of death
Jewellery
 q - a ring of ice (left hand)
 x - an amulet of magic regeneration (around neck)
 B - an uncursed ring of poison resistance
 I - the ring of Existentialism (right hand) {Str+2 Slay+3 Stlth-}
   (You found it on level 7 of the Dungeon)

   [ring of attention]

   It affects your strength (+2).
   It affects your accuracy and damage with ranged weapons and melee attacks
   (+3).
   It makes you less stealthy.
Wands
 u - a wand of polymorph (13)
 G - a wand of enslavement (16)
 O - a wand of paralysis (6)
 P - a wand of iceblast (8)
 X - a wand of flame (1)
Scrolls
 a - 6 scrolls of remove curse
 b - 5 scrolls of fear
 e - 8 scrolls of teleportation
 f - 10 scrolls of identify
 h - a scroll of enchant armour
 w - 2 scrolls of silence {unknown}
 y - 2 scrolls of random uselessness {unknown}
 H - 4 scrolls of holy word {unknown}
 J - 2 scrolls of enchant weapon
 K - a scroll of summoning {unknown}
 S - a scroll of noise {unknown}
 U - 2 scrolls of blinking
 V - a scroll of fog {unknown}
Potions
 c - 2 potions of heal wounds
 g - a potion of mutation {unknown}
 i - a potion of magic {unknown}
 j - 5 potions of lignification {unknown}
 k - a potion of brilliance {unknown}
 l - 7 potions of curing
 m - 4 potions of berserk rage {unknown}
 v - 2 potions of degeneration {unknown}
 z - 2 potions of flight {unknown}
 C - 3 potions of ambrosia {unknown}
 D - 6 potions of haste {unknown}
 F - 2 potions of agility {unknown}
 N - a potion of might {unknown}
Comestibles
 d - 19 rations
 Q - 10 chunks of flesh


   Skills:
 - Level 10.0 Fighting
 + Level 4.0 Dodging
 - Level 1.7 Stealth
 + Level 4.7 Unarmed Combat
 - Level 3.0 Spellcasting
 - Level 5.0 Conjurations
   Level 1.0 Summonings
 - Level 0.8 Translocations
 - Level 8.3 Transmutations
 - Level 2.0 Fire Magic
 - Level 3.0 Ice Magic
 - Level 2.0 Air Magic
 - Level 5.0 Poison Magic


You had 3 spell levels left.
You knew the following spells:

 Your Spells              Type           Power        Failure   Level  Hunger
a - Magic Dart            Conj           ####         1%          1    None
b - Mephitic Cloud        Conj/Pois/Air  ###.....     7%          3    ###....
c - Ice Form              Ice/Tmut       #####...     11%         4    ####...
d - Conjure Flame         Conj/Fire      ###.....     9%          3    ###....
e - Blink                 Tloc           N/A          12%         2    ##.....

Your spell library contained the following spells:

 Spells                   Type           Power        Failure   Level  Hunger
 Beastly Appendage        Tmut           #####.       1%          1    None
 Sticks to Snakes         Tmut           #####...     1%          2    ##.....
 Spider Form              Tmut/Pois      ####......   2%          3    ###....
 Corona                   Hex            #......      12%         1    None
 Call Imp                 Summ           #.......     12%         2    ##.....
 Slow                     Hex            #.......     17%         2    ##.....
 Inner Flame              Hex/Fire       #.......     22%         3    ###....
 Portal Projectile        Hex/Tloc       #.....       28%         3    ###....
 Blade Hands              Tmut           #####.....   11%         5    ######.
 Cause Fear               Hex            #.........   75%         4    ####...
 Leda's Liquefaction      Hex/Erth       #.........   75%         4    ####...


Dungeon Overview and Level Annotations

Branches:
Dungeon (10/15)            Temple (1/1) D:5            Lair (1/6) D:8
    Orc: D:9-12

Altars:
Ashenzari
Cheibriados
Dithmenos
Elyvilon
Fedhas
Gozag
Hepliaklqana
Kikubaaqudgha
Makhleb
Nemelex Xobeh
Okawaru
Qazlal
Ru
Sif Muna
Trog
Uskayaw
Vehumet
Wu Jian
Xom
Yredelemnul
Zin
The Shining One


Innate Abilities, Weirdness & Mutations

You are slightly more attuned to the shadows.
You are mostly covered in sharp spines.
Your magical and physical power is slightly enhanced at high health.
When seriously injured, your bleeding wounds create very thick armour. (AC +12)


Message History

The polar bear goes berserk!
You hit the polar bear. You burn the polar bear.
The polar bear is almost dead.
The polar bear closely misses you.
The polar bear claws you but does no damage. x2
The polar bear bites you! The polar bear closely misses you.
The polar bear barely misses you.
You barely miss the polar bear.
The polar bear is almost dead.
The polar bear bites you!
* * * LOW HITPOINT WARNING * * *
The polar bear claws you.
* * * LOW HITPOINT WARNING * * *
The polar bear misses you.
Casting: Mephitic Cloud (safe; 7% risk of failure)
Confirm with . or Enter, or press ? or * to list all spells.
You miscast Blink.
The air around you crackles with energy!
The polar bear bites you!!
You die...

#### #### ##..##
##..#####....##
#....##.÷÷....#
.....#..h@...∩÷∩.#
h..h ##..........#
..# ##..##....## .
######..## ####


You could see a polar bear (berserk).

Vanquished Creatures
  Harold (D:8)
  Pikel (D:5)
  Psyche (D:8)
  2 ice devils (Lair:1)
  A polar bear (IceCv)
  Prince Ribbit (D:8)
  A hornet (D:6)
  3 hippogriffs
  8 yaks
  Menkaure (D:6)
  A soldier ant (D:10)
  Edmund (D:6)
  A water moccasin (D:6)
  3 porcupines
  A slave (D:5)
  3 orc warriors
  4 ogres
  A phantom (D:5)
  8 wolves
  2 centaurs
  2 crocodiles (D:8)
  A big kobold (D:8)
  3 bullfrogs
  A water moccasin zombie (D:8)
  9 scorpions
  A jelly (D:10)
  12 wights
  A howler monkey (D:6)
  2 crimson imps (D:9)
  A quasit (D:5)
  2 centaur zombies (Ossuary)
  5 orc priests (D:7)
  4 bullfrog skeletons
  8 hounds
  A human zombie (Ossuary)
  3 iguanas
  4 orc wizards
  5 worker ants
  3 big kobold zombies (Ossuary)
  A hound zombie (D:5)
  A hound skeleton (D:9)
  2 mummies (Ossuary)
  Robin (D:2)
  3 gnolls (D:2)
  10 adders
  3 scorpion zombies (Ossuary)
  3 shadow imps
  2 adder skeletons
  2 worms
  3 dart slugs
  6 leopard geckos
  19 orcs
  9 bats
  6 giant cockroaches
  16 goblins
  7 hobgoblins
  13 jackals
  5 quokkas
  3 ball pythons
  4 frilled lizards
  3 gnoll zombies (Ossuary)
  A goblin zombie (Ossuary)
  2 hobgoblin zombies (Ossuary)
  A jackal zombie (D:5)
  10 kobolds
  3 orc zombies (Ossuary)
  7 rats
259 creatures vanquished.

Vanquished Creatures (others)
  A mummy (Ossuary)
  A goblin zombie (Ossuary)
  A quokka skeleton (D:5)
3 creatures vanquished.

Grand Total: 262 creatures vanquished

Notes
Turn   | Place    | Note
-------+----------+-------------------------------------------
     0 | D:1      | Knicklaso the Demonspawn Wizard began the quest for the
                  | Orb.
     0 | D:1      | Reached XP level 1. HP: 13/13 MP: 4/4
   116 | D:1      | Reached skill level 1 in Fighting
   352 | D:1      | Gained mutation: You are partially covered in sharp spines.
                  | [demonic ancestry]
   352 | D:1      | Reached XP level 2. HP: 19/22 MP: 0/6
  1485 | D:2      | Reached XP level 3. HP: 27/27 MP: 5/7
  1630 | D:2      | Noticed Robin
  1996 | D:2      | Gained mutation: You are slightly more attuned to the
                  | shadows. [demonic ancestry]
  1996 | D:2      | Reached XP level 4. HP: 33/33 MP: 6/8
  2804 | D:2      | Reached XP level 5. HP: 28/38 MP: 0/9
  2912 | D:2      | Killed Robin
  3594 | D:3      | Found a burning altar of Makhleb.
  3686 | D:3      | Reached skill level 2 in Fighting
  3780 | D:3      | Reached skill level 5 in Conjurations
  4543 | D:4      | Learned a level 3 spell: Mephitic Cloud
  4550 | D:4      | Reached skill level 3 in Fighting
  4618 | D:4      | Gained mutation: You are mostly covered in sharp spines.
                  | [demonic ancestry]
  4618 | D:4      | Reached XP level 6. HP: 47/47 MP: 1/10
  4760 | D:4      | Reached skill level 1 in Poison Magic
  4775 | D:4      | Reached skill level 1 in Air Magic
  5661 | D:5      | Entered Level 5 of the Dungeon
  5664 | D:5      | Gained mutation: When seriously injured, your bleeding
                  | wounds create armour. (AC +12) [demonic ancestry]
  5664 | D:5      | Reached XP level 7. HP: 52/52 MP: 7/11
  5883 | D:5      | Noticed Pikel
  5907 | D:5      | Killed Pikel
  5907 | D:5      | Reached skill level 4 in Fighting
  5907 | D:5      | Reached skill level 5 in Poison Magic
  6116 | D:5      | Found a staircase to the Ecumenical Temple.
  6128 | Temple   | Entered the Ecumenical Temple
  6246 | Temple   | Became a worshipper of Dithmenos the Shadowed
  6318 | D:5      | Reached skill level 5 in Fighting
  6318 | D:5      | Gained mutation: Your magical and physical power is
                  | slightly enhanced at high health. [demonic ancestry]
  6318 | D:5      | Reached XP level 8. HP: 55/62 MP: 0/12
  6453 | D:5      | Found an ancient bone altar of Kikubaaqudgha.
  6461 | D:5      | Found a deep blue altar of Sif Muna.
  6462 | D:5      | Found a radiant altar of Vehumet.
  6465 | D:5      | Identified Vehumet's Papyrus of Confrontation
  6791 | D:6      | Reached skill level 6 in Fighting
  6981 | D:6      | Noticed Edmund
  7012 | D:6      | Killed Edmund
  7220 | D:6      | Reached skill level 7 in Fighting
  7594 | D:6      | Found a hazy altar of Hepliaklqana.
  7623 | D:6      | Reached skill level 8 in Fighting
  7651 | D:6      | Noticed Menkaure
  7723 | D:5      | Found a glowing golden altar of the Shining One.
  7918 | D:6      | Noticed a hornet
  7935 | D:6      | Found a sacrificial altar of Ru.
  7963 | D:6      | Paralysed by a hornet for 2 turns
  7970 | D:6      | Killed a hornet
  7970 | D:6      | Reached XP level 9. HP: 24/75 MP: 6/13
  8283 | D:6      | Reached skill level 9 in Fighting
  8514 | D:6      | Killed Menkaure
  8563 | D:6      | Learned a level 4 spell: Ice Form
  8621 | D:7      | Reached skill level 1 in Transmutations
  8715 | D:7      | Reached * piety under Dithmenos
  8775 | D:7      | Found a sand-covered staircase.
  8781 | Ossuary  | Entered an ossuary
  9148 | Ossuary  | Reached ** piety under Dithmenos
  9355 | D:7      | Found a glowing silver altar of Zin.
  9355 | D:7      | Found a glowing golden altar of the Shining One.
  9409 | D:7      | Got a faintly glowing jade ring
  9436 | D:7      | Identified the ring of Existentialism {Str+2 Slay+3 Stlth-}
                  | (You found it on level 7 of the Dungeon)
  9453 | D:7      | Found a hide-covered altar of Uskayaw.
  9801 | D:8      | Noticed Prince Ribbit
  9812 | D:8      | Killed Prince Ribbit
  9958 | D:8      | Reached skill level 10 in Fighting
 10091 | D:8      | Found a white marble altar of Elyvilon.
 10097 | D:8      | Reached skill level 5 in Transmutations
 10242 | D:8      | Noticed Psyche
 10249 | D:8      | Killed Psyche
 10253 | D:8      | Gained mutation: When seriously injured, your bleeding
                  | wounds create thick armour. (AC +12) [demonic ancestry]
 10253 | D:8      | Reached XP level 10. HP: 80/85 MP: 6/14
 10452 | D:8      | Found a staircase to the Lair.
 11114 | D:8      | Noticed Harold
 11148 | D:8      | Killed Harold
 11523 | D:9      | Found a snail-covered altar of Cheibriados.
 11589 | D:9      | Found a sacrificial altar of Ru.
 11727 | D:9      | Found a shattered altar of Ashenzari.
 12011 | D:10     | Entered Level 10 of the Dungeon
 12277 | D:10     | Reached skill level 1 in Unarmed Combat
 12277 | D:10     | Reached skill level 1 in Ice Magic
 12746 | D:10     | Reached *** piety under Dithmenos
 13036 | D:10     | Learned a level 3 spell: Conjure Flame
 13039 | D:10     | Learned a level 2 spell: Blink
 14004 | D:10     | Reached skill level 1 in Fire Magic
 14124 | Lair:1   | Entered Level 1 of the Lair of Beasts
 14504 | Lair:1   | Found a frozen archway.
 14525 | Lair:1   | Gained mutation: When seriously injured, your bleeding
                  | wounds create very thick armour. (AC +12) [demonic
                  | ancestry]
 14525 | Lair:1   | Reached XP level 11. HP: 33/90 MP: 4/15
 14704 | IceCv    | Entered an ice cave
 14860 | IceCv    | Mangled by a polar bear

Skill      XL: |  1  2  3  4  5  6  7  8  9 10 11 |
---------------+----------------------------------+-----
Fighting       | 1 3 5 8 10 | 10.0
Conjurations   | 2 3 4 5 |  5.0
Poison Magic   | 2 5 |  5.0
Air Magic      | 2 |  2.0
Transmutations | 6 8 |  8.3
Unarmed Combat | 3 4 |  4.7
Ice Magic      | 3 |  3.0
Dodging        | 2 4 |  4.0
Fire Magic     | 2 |  2.0
Stealth        | |  1.7
Spellcasting   | |  3.0
Summonings     | |  1.0
Translocations | |  0.8

Action                   |  1- 3 |  4- 6 |  7- 9 | 10-12 || total
-------------------------+-------+-------+-------+-------++-------
Melee: Club              |    15 |    14 |    13 |       ||    42
       Whip              |       |       |   117 |   163 ||   280
       Unarmed           |       |       |       |    13 ||    13
 Cast: Magic Dart        |    82 |   173 |   254 |   202 ||   711
       Mephitic Cloud    |       |       |     6 |    10 ||    16
       Conjure Flame     |       |       |       |     8 ||     8
       Blink             |       |       |       |     3 ||     3
       Ice Form          |       |       |       |     1 ||     1
Evoke: Wand              |       |       |     1 |    31 ||    32
  Use: Potion            |       |     1 |     3 |     2 ||     6
       Scroll            |       |     4 |     6 |     1 ||    11
 Stab: Confused          |       |       |     4 |     4 ||     8
       Sleeping          |       |       |     5 |     1 ||     6
  Eat: Chunk             |     3 |    11 |    14 |    13 ||    41
       Ration            |       |       |       |     1 ||     1
Armor: Robe              |     4 |     1 |       |    41 ||    46
       Animal skin       |       |     7 |    40 |    16 ||    63
       Skin              |       |       |       |     6 ||     6
Dodge: Dodged            |    11 |    31 |   118 |   138 ||   298
